SA
CONNETQUOT CHIEFS @ WALLA WALLA WALLEYE
07/09/2020
 
TOP OF THE 1ST
Connetquot Chiefs batting - Pitching for Walla Walla Walleye : RHP Ismael Soto
Pitching: RHP Ismael Soto
Batting: RHB Juan Salinas 0-0: Ground out 5-3 (Groundball, 5S)
Batting: LHB Keith Alexander Single, Error in OF, E9, batter to second base
Batting: RHB José Magana 0-0: Called Strike
0-1: Swinging Strike
0-2: Ground out 5-3 (Groundball, 56)
Batting: LHB Eric Ward 0-0: Ball
1-0: Foul Ball, location: 2F
1-1: SINGLE (Groundball, 34)
Keith Alexander to third
Runner from 3rd tries for Home, SAFE, no throw or cutoff
Batting: RHB Francisco García 0-0: Ball
1-0: Ground out 5-3 (Groundball, 56S)
Top of the 1st over - 1 run(s), 2 hit(s), 1 error(s), 1 left on base; Connetquot 1 - Walla Walla 0
BOTTOM OF THE 1ST
Walla Walla Walleye batting - Pitching for Connetquot Chiefs : LHP Frenk Norman
Pitching: LHP Frenk Norman
Batting: LHB Eugene Henson 0-0: Bunted foul
0-1: Swinging Strike
0-2: Foul Ball, location: 2F
0-2: Strikes out swinging
Batting: RHB Emílio Ortíz 0-0: Called Strike
0-1: Ball
1-1: Foul Ball, location: 2F
1-2: Ball
2-2: Ball
3-2: Base on Balls
Batting: RHB Enrico Díaz 0-0: Called Strike
0-1: Called Strike
0-2: Ball
1-2: Ball
2-2: Ball
3-2: Foul Ball, location: 2F
3-2: Ground out 5-3 (Groundball, 5)
Emílio Ortíz to second
Batting: RHB Alfredo Méndez 0-0: Fly out, F7 (Flyball, 78M)
Bottom of the 1st over - 0 run(s), 0 hit(s), 0 error(s), 1 left on base; Connetquot 1 - Walla Walla 0
TOP OF THE 2ND
Connetquot Chiefs batting - Pitching for Walla Walla Walleye : RHP Ismael Soto
Batting: SHB Thom Marshall 0-0: Ball
1-0: Called Strike
1-1: Swinging Strike
1-2: Ground out 4-3 (Groundball, 4)
Batting: RHB Miguel Rodríguez 0-0: Called Strike
0-1: Ground out U3 (Groundball, 3)
Batting: RHB Lúcio Marín 0-0: Ball
1-0: DOUBLE (Line Drive, 3L)
Batting: RHB Rafael Canseco 0-0: Ball
Passed Ball!
Lúcio Marín to third
1-0: Swinging Strike
1-1: Foul Ball, location: 2F
1-2: Strikes out swinging
Top of the 2nd over - 0 run(s), 1 hit(s), 0 error(s), 1 left on base; Connetquot 1 - Walla Walla 0
BOTTOM OF THE 2ND
Walla Walla Walleye batting - Pitching for Connetquot Chiefs : LHP Frenk Norman
Batting: RHB Danny Walsh 0-0: Ball
1-0: Fly out, F9 (Flyball, 9LS)
Batting: RHB Tony Farquharson 0-0: Foul Ball, location: 2F
0-1: Ground out 5-3 (Groundball, 5)
Batting: LHB Wilson Horton 0-0: Ball
1-0: Called Strike
1-1: Called Strike
1-2: Strikes out looking
Bottom of the 2nd over - 0 run(s), 0 hit(s), 0 error(s), 0 left on base; Connetquot 1 - Walla Walla 0
TOP OF THE 3RD
Connetquot Chiefs batting - Pitching for Walla Walla Walleye : RHP Ismael Soto
Batting: RHB Juan Salinas 0-0: Ball
1-0: Ball
2-0: Foul Ball, location: 2F
2-1: Foul Ball, location: 2F
2-2: Strikes out swinging
Batting: LHB Keith Alexander 0-0: Called Strike
0-1: Foul Ball, location: 2F
0-2: Ball
1-2: Ball
2-2: Foul Ball, location: 2F
2-2: Foul Ball, location: 2F
2-2: Foul Ball, location: 2F
2-2: Ball
3-2: Ground out 1-3 (Groundball, 23)
Batting: RHB José Magana 0-0: Swinging Strike
0-1: Foul Ball, location: 2F
0-2: Strikes out swinging
Top of the 3rd over - 0 run(s), 0 hit(s), 0 error(s), 0 left on base; Connetquot 1 - Walla Walla 0
BOTTOM OF THE 3RD
Walla Walla Walleye batting - Pitching for Connetquot Chiefs : LHP Frenk Norman
Batting: RHB Hieu De 0-0: Called Strike
0-1: Ball
1-1: Ball
2-1: Ball
3-1: Called Strike
3-2: SINGLE (Groundball, 5S)
Batting: LHB José Ríos 0-0: Ball
1-0: Ball
2-0: Foul Ball, location: 2F
2-1: Foul Ball, location: 2F
2-2: Strikes out swinging
Batting: LHB Eugene Henson 0-0: Called Strike
0-1: Fly out, F7 (Flyball, 78M)
Batting: RHB Emílio Ortíz 0-0: Ball
1-0: Ball
2-0: Ball
3-0: Base on Balls
Hieu De to second
Batting: RHB Enrico Díaz 0-0: Ball
1-0: Ball
2-0: Called Strike
2-1: Foul Ball, location: 2F
2-2: Ball
Wild Pitch!
Hieu De to third
Emílio Ortíz to second
3-2: Foul Ball, location: 2F
3-2: Base on Balls
Batting: RHB Alfredo Méndez 0-0: Called Strike
0-1: Ball
1-1: Ball
2-1: Ground out 5-3 (Groundball, 5)
Bottom of the 3rd over - 0 run(s), 1 hit(s), 0 error(s), 3 left on base; Connetquot 1 - Walla Walla 0
TOP OF THE 4TH
Connetquot Chiefs batting - Pitching for Walla Walla Walleye : RHP Ismael Soto
Batting: LHB Eric Ward 0-0: Called Strike
0-1: Foul Ball, location: 2F
0-2: Ground out 4-3 (Groundball, 34)
Batting: RHB Francisco García 0-0: Swinging Strike
0-1: Foul Ball, location: 2F
0-2: Ball
1-2: Ground out 5-3 (Groundball, 5S)
Batting: SHB Thom Marshall 0-0: Ball
1-0: Ball
2-0: Fly out, F4 (Popup, 4)
Top of the 4th over - 0 run(s), 0 hit(s), 0 error(s), 0 left on base; Connetquot 1 - Walla Walla 0
BOTTOM OF THE 4TH
Walla Walla Walleye batting - Pitching for Connetquot Chiefs : LHP Frenk Norman
Batting: RHB Danny Walsh 0-0: SINGLE (Groundball, 56D)
Batting: RHB Tony Farquharson 0-0: Ball
1-0: Called Strike
1-1: Called Strike
1-2: Ball
2-2: Foul Ball, location: 2F
2-2: Foul Ball, location: 2F
2-2: Foul Ball, location: 2F
2-2: Foul Ball, location: 2F
2-2: SINGLE (Line Drive, 56D)
Danny Walsh to second
Batting: LHB Wilson Horton 0-0: Called Strike
0-1: Ball
1-1: Foul Ball, location: 2F
1-2: Foul Ball, location: 2F
1-2: Foul Ball, location: 2F
1-2: Ball
2-2: Foul Ball, location: 2F
2-2: Foul Ball, location: 2F
2-2: Strikes out looking
Batting: RHB Hieu De 0-0: Called Strike
0-1: Ball
Wild Pitch!
Danny Walsh to third
Tony Farquharson to second
1-1: Foul Ball, location: 2F
1-2: Strikes out swinging
Batting: LHB José Ríos 0-0: Called Strike
0-1: Called Strike
0-2: Ball
1-2: Ground out U3 (Groundball, 3)
Bottom of the 4th over - 0 run(s), 2 hit(s), 0 error(s), 2 left on base; Connetquot 1 - Walla Walla 0
TOP OF THE 5TH
Connetquot Chiefs batting - Pitching for Walla Walla Walleye : RHP Ismael Soto
Batting: RHB Miguel Rodríguez 0-0: Called Strike
0-1: Called Strike
0-2: Ball
1-2: Strikes out swinging
Batting: RHB Lúcio Marín 0-0: Fly out, F9 (Flyball, 9S)
Batting: RHB Rafael Canseco 0-0: Swinging Strike
0-1: Swinging Strike
0-2: Ball
1-2: Strikes out swinging
Top of the 5th over - 0 run(s), 0 hit(s), 0 error(s), 0 left on base; Connetquot 1 - Walla Walla 0
BOTTOM OF THE 5TH
Walla Walla Walleye batting - Pitching for Connetquot Chiefs : LHP Frenk Norman
Batting: LHB Eugene Henson 0-0: Foul Ball, location: 2F
0-1: Ball
1-1: Ball
2-1: Ball
3-1: Foul Ball, location: 2F
3-2: Base on Balls
Batting: RHB Emílio Ortíz 0-0: Ball
1-0: Ball
2-0: Sac Bunt - play at first, batter OUT! 1-4
Eugene Henson to second
Batting: RHB Enrico Díaz 0-0: Foul Ball, location: 2F
0-1: Ball
1-1: SINGLE (Groundball, 56D) (infield hit)
Eugene Henson to third
Batting: RHB Alfredo Méndez 0-0: Called Strike
0-1: Ball
1-1: Ball
2-1: Swinging Strike
2-2: Strikes out looking
Batting: RHB Danny Walsh 0-0: Called Strike
0-1: Ball
1-1: Hit by Pitch
Enrico Díaz to second
Batting: RHB Tony Farquharson 0-0: Foul Ball, location: 2F
0-1: Ball
1-1: SINGLE (Line Drive, 78S)
Eugene Henson scores
Enrico Díaz to third
Danny Walsh to second
Runner from 3rd tries for Home, SAFE, no throw or cutoff
Batting: LHB Wilson Horton 0-0: Ball
1-0: Called Strike
1-1: SINGLE (Groundball, 4MD)
Danny Walsh to third
Tony Farquharson to second
Runner from 3rd tries for Home, SAFE, throw made home
Batting: RHB Hieu De 0-0: Called Strike
0-1: Swinging Strike
0-2: Ball
1-2: Ball
2-2: Strikes out looking
Bottom of the 5th over - 3 run(s), 3 hit(s), 0 error(s), 2 left on base; Connetquot 1 - Walla Walla 3
TOP OF THE 6TH
Connetquot Chiefs batting - Pitching for Walla Walla Walleye : RHP Ismael Soto
Batting: RHB Juan Salinas 0-0: Called Strike
0-1: Foul Ball, location: 2F
0-2: Ball
1-2: Strikes out swinging
Batting: LHB Keith Alexander 0-0: Called Strike
0-1: Ball
1-1: Ball
2-1: Ball
3-1: Fly out, F1 (Popup, 6S)
Batting: RHB José Magana 0-0: SINGLE (Groundball, 34D)
Batting: LHB Eric Ward 0-0: Ground out 4-3 (Groundball, 13)
Top of the 6th over - 0 run(s), 1 hit(s), 0 error(s), 1 left on base; Connetquot 1 - Walla Walla 3
BOTTOM OF THE 6TH
Walla Walla Walleye batting - Pitching for Connetquot Chiefs : LHP Frenk Norman
Batting: LHB José Ríos 0-0: Called Strike
0-1: Ball
1-1: Swinging Strike
1-2: Strikes out swinging
Batting: LHB Eugene Henson 0-0: Swinging Strike
0-1: Called Strike
0-2: Ground out 4-3 (Groundball, 4)
Batting: RHB Emílio Ortíz 0-0: Ball
1-0: SINGLE (Groundball, 6MD)
Pitching: RHP Walt Newell
Batting: RHB Enrico Díaz 0-0: Fielders Choice at 2nd, 6-4 (Groundball, 6)
Bottom of the 6th over - 0 run(s), 1 hit(s), 0 error(s), 0 left on base; Connetquot 1 - Walla Walla 3
TOP OF THE 7TH
Connetquot Chiefs batting - Pitching for Walla Walla Walleye : RHP Ismael Soto
Batting: RHB Francisco García 0-0: Called Strike
0-1: Ball
1-1: Called Strike
1-2: Foul Ball, location: 2F
1-2: Strikes out swinging
Batting: SHB Thom Marshall 0-0: Called Strike
0-1: Swinging Strike
0-2: DOUBLE (Line Drive, 7LS)
Batting: RHB Miguel Rodríguez 0-0: Ground out U3 (Groundball, 3S)
Thom Marshall to third
Batting: RHB Lúcio Marín 0-0: Ball
1-0: Foul Ball, location: 2F
1-1: Called Strike
1-2: Strikes out swinging
Top of the 7th over - 0 run(s), 1 hit(s), 0 error(s), 1 left on base; Connetquot 1 - Walla Walla 3
BOTTOM OF THE 7TH
Walla Walla Walleye batting - Pitching for Connetquot Chiefs : RHP Walt Newell
Batting: RHB Alfredo Méndez 0-0: Ball
1-0: Swinging Strike
1-1: Foul Ball, location: 2F
1-2: Ball
2-2: Strikes out swinging
Batting: RHB Danny Walsh 0-0: Called Strike
0-1: Foul Ball, location: 2F
0-2: Ball
1-2: Foul Ball, location: 2F
1-2: Fly out, F3 (Line Drive, 3)
Batting: RHB Tony Farquharson 0-0: Ball
1-0: SINGLE (Groundball, 5)
Batting: LHB Wilson Horton 0-0: Ball
1-0: DOUBLE (Line Drive, 34D)
Tony Farquharson to third
Pinch Hitting: RHB Jorge Díaz 0-0: Intentional Walk
Batting: LHB José Ríos 0-0: Called Strike
0-1: Foul Ball, location: 2F
0-2: Ball
1-2: Foul Ball, location: 2F
1-2: Foul Ball, location: 2F
1-2: Ball
2-2: Fielders Choice at 2nd, U6 (Groundball, 6M)
Bottom of the 7th over - 0 run(s), 2 hit(s), 0 error(s), 3 left on base; Connetquot 1 - Walla Walla 3
TOP OF THE 8TH
Connetquot Chiefs batting - Pitching for Walla Walla Walleye : RHP Ismael Soto
Now at 1B: Luis Campos
Batting: RHB Rafael Canseco 0-0: Ball
1-0: Ball
2-0: Called Strike
2-1: Ground out 6-3 (Groundball, 6)
Batting: RHB Juan Salinas 0-0: SINGLE (Line Drive, 6MD)
Batting: LHB Keith Alexander 0-0: Ball
1-0: Called Strike
1-1: Ball
2-1: Fly out, F8 (Flyball, 8LM)
Batting: RHB José Magana 0-0: Reached on error, E4 (Groundball, 4)
Juan Salinas to third
Batting: LHB Eric Ward 0-0: SINGLE (Groundball, 4M)
Juan Salinas scores
José Magana to third
Runner from 3rd tries for Home, SAFE, no throw or cutoff
Batting: RHB Francisco García 0-0: Called Strike
0-1: Ball
1-1: Ball
2-1: Ball
3-1: Fly out, F9 (Popup, 89S)
Top of the 8th over - 2 run(s), 2 hit(s), 1 error(s), 1 left on base; Connetquot 3 - Walla Walla 3
BOTTOM OF THE 8TH
Walla Walla Walleye batting - Pitching for Connetquot Chiefs : RHP Walt Newell
Pinch Hitting: LHB César Muñóz 0-0: Ball
1-0: Ball
2-0: Swinging Strike
2-1: Ground out 5-3 (Groundball, 15S)
Batting: RHB Emílio Ortíz 0-0: Ball
1-0: Swinging Strike
1-1: Swinging Strike
1-2: Foul Ball, location: 2F
1-2: Strikes out swinging
Pinch Hitting: RHB Dustin O'Quinlevan 0-0: Ball
1-0: Ball
2-0: Called Strike
2-1: SINGLE (Groundball, 6MD)
Batting: RHB Alfredo Méndez 0-0: Called Strike
0-1: Ball
1-1: Foul Ball, location: 2F
1-2: Ground out 6-3 (Groundball, 6)
Bottom of the 8th over - 0 run(s), 1 hit(s), 0 error(s), 1 left on base; Connetquot 3 - Walla Walla 3
TOP OF THE 9TH
Connetquot Chiefs batting - Pitching for Walla Walla Walleye : RHP Ismael Soto
Now at 2B: César Muñóz
Now in RF: Dustin O'Quinlevan
Pinch Hitting: LHB Jim Unknown 0-0: Ground out U3 (Groundball, 3S)
Pinch Hitting: SHB Antonio Vaccarini 0-0: Fly out, F8 (Line Drive, 8LM)
Pinch Hitting: RHB Bernaldyn Berbedo 0-0: Called Strike
0-1: Fly out, F6 (Popup, 6S)
Top of the 9th over - 0 run(s), 0 hit(s), 0 error(s), 0 left on base; Connetquot 3 - Walla Walla 3
BOTTOM OF THE 9TH
Walla Walla Walleye batting - Pitching for Connetquot Chiefs : RHP Walt Newell
Pitching: LHP Jim Unknown
Now at 2B: Jim Unknown
Now at 3B: Fernando Mendoza
Now in RF: Bert Motevassel
Batting: RHB Danny Walsh 0-0: Foul Ball, location: 2F
0-1: Ball
1-1: Ball
2-1: Foul Ball, location: 2F
2-2: Ball
3-2: Base on Balls
Batting: RHB Tony Farquharson 0-0: Called Strike
0-1: Foul Ball, location: 2F
0-2: Ball
1-2: Strikes out swinging
Batting: LHB Wilson Horton 0-0: Fly out, F8 (Flyball, 8LS)
Pinch Hitting: RHB Salvador Noriega 0-0: Ball
1-0: Ball
2-0: Ball
3-0: Called Strike
3-1: Fly out, F8 (Line Drive, 8RM)
Bottom of the 9th over - 0 run(s), 0 hit(s), 0 error(s), 1 left on base; Connetquot 3 - Walla Walla 3
TOP OF THE 10TH
Connetquot Chiefs batting - Pitching for Walla Walla Walleye : RHP Ismael Soto
Pitching: LHP Jesús Tejeda
Now at C: Gilberto Contreras
Batting: RHB Rafael Canseco 0-0: Foul Ball, location: 2F
0-1: Ball
1-1: Foul Ball, location: 2F
1-2: Ground out 4-3 (Groundball, 4)
Batting: RHB Juan Salinas 0-0: Called Strike
0-1: Ball
1-1: Ball
2-1: SINGLE (Groundball, 56D)
Batting: LHB Keith Alexander 0-0: Called Strike
0-1: Ball
1-1: Swinging Strike
1-2: Ball
2-2: Strikes out swinging
Batting: RHB José Magana 0-0: Ball
Juan Salinas is caught stealing 2nd base
Top of the 10th over - 0 run(s), 1 hit(s), 0 error(s), 0 left on base; Connetquot 3 - Walla Walla 3
BOTTOM OF THE 10TH
Walla Walla Walleye batting - Pitching for Connetquot Chiefs : LHP Jim Unknown
Pinch Hitting: RHB Pedro Silva 0-0: Ball
1-0: Swinging Strike
1-1: DOUBLE (Line Drive, 7LM)
Batting: LHB César Muñóz 0-0: Ball
1-0: Fly out, F8 (Flyball, 8LM)
Batting: RHB Emílio Ortíz 0-0: Called Strike
0-1: Ball
1-1: Ball
2-1: Fly out, F8 (Flyball, 8RS)
Batting: RHB Dustin O'Quinlevan 0-0: Ball
1-0: Called Strike
1-1: Ball
2-1: Fly out, F8 (Flyball, 8RM)
Bottom of the 10th over - 0 run(s), 1 hit(s), 0 error(s), 1 left on base; Connetquot 3 - Walla Walla 3
TOP OF THE 11TH
Connetquot Chiefs batting - Pitching for Walla Walla Walleye : LHP Jesús Tejeda
Now in LF: Francisco Reyes
Batting: RHB José Magana 0-0: Called Strike
0-1: Swinging Strike
0-2: Strikes out swinging
Batting: LHB Eric Ward 0-0: Ball
1-0: Foul Ball, location: 2F
1-1: Ground out U3 (Groundball, 3)
Batting: RHB Francisco García 0-0: Ball
1-0: Ball
2-0: Ball
3-0: Called Strike
3-1: SINGLE (Groundball, 34D)
Batting: LHB Jim Unknown 0-0: Called Strike
0-1: Called Strike
0-2: Fly out, F7 (Flyball, 7LM)
Top of the 11th over - 0 run(s), 1 hit(s), 0 error(s), 1 left on base; Connetquot 3 - Walla Walla 3
BOTTOM OF THE 11TH
Walla Walla Walleye batting - Pitching for Connetquot Chiefs : LHP Jim Unknown
Pitching: LHP Víctor Sánchez
Batting: RHB Alfredo Méndez 0-0: Swinging Strike
0-1: Swinging Strike
0-2: Ball
1-2: Ground out 6-3 (Groundball, 6)
Batting: RHB Danny Walsh 0-0: Ground out 1-3 (Groundball, 13S)
Batting: RHB Tony Farquharson 0-0: Called Strike
0-1: Swinging Strike
0-2: Foul Ball, location: 2F
0-2: Ball
1-2: Hit by Pitch
Batting: LHB Wilson Horton 0-0: DOUBLE (Line Drive, 7D)
Tony Farquharson to third
Batting: RHB Gilberto Contreras 0-0: Intentional Walk
Pinch Hitting: RHB Sergio Cortéz 0-0: Ball
1-0: Called Strike
1-1: Ball
2-1: Called Strike
2-2: Ball
3-2: Strikes out looking
Bottom of the 11th over - 0 run(s), 1 hit(s), 0 error(s), 3 left on base; Connetquot 3 - Walla Walla 3
TOP OF THE 12TH
Connetquot Chiefs batting - Pitching for Walla Walla Walleye : LHP Jesús Tejeda
Pitching: RHP Taro Ohayashi
Now in LF: Sergio Cortéz
Batting: RHB Fernando Mendoza 0-0: Ball
1-0: Swinging Strike
1-1: Ball
2-1: Called Strike
2-2: SINGLE (Groundball, 56D)
Batting: RHB Bert Motevassel 0-0: Sac Bunt - play at first, batter OUT! 1-4
Fernando Mendoza to second
Batting: RHB Rafael Canseco 0-0: Called Strike
0-1: Called Strike
0-2: Strikes out looking
Batting: RHB Juan Salinas 0-0: Ball
1-0: Swinging Strike
1-1: Foul Ball, location: 2F
1-2: Strikes out looking
Top of the 12th over - 0 run(s), 1 hit(s), 0 error(s), 1 left on base; Connetquot 3 - Walla Walla 3
BOTTOM OF THE 12TH
Walla Walla Walleye batting - Pitching for Connetquot Chiefs : LHP Víctor Sánchez
Batting: LHB César Muñóz 0-0: Called Strike
0-1: Foul Ball, location: 2F
0-2: Ball
1-2: Ball
2-2: Ball
3-2: Strikes out swinging
Batting: RHB Emílio Ortíz 0-0: Ball
1-0: Fly out, F5 (Line Drive, 56)
Batting: RHB Dustin O'Quinlevan 0-0: Ball
1-0: Called Strike
1-1: Swinging Strike
1-2: Foul Ball, location: 2F
1-2: Ball
2-2: SINGLE (Groundball, 56D) (infield hit)
Batting: RHB Alfredo Méndez 0-0: Ball
1-0: Called Strike
1-1: Ball
2-1: Ball
3-1: Base on Balls
Dustin O'Quinlevan to second
Batting: RHB Danny Walsh 0-0: Ball
1-0: Called Strike
1-1: Called Strike
1-2: Ball
2-2: Ball
Wild Pitch!
Dustin O'Quinlevan to third
Alfredo Méndez to second
3-2: Intentional Walk
Batting: RHB Tony Farquharson 0-0: Ball
1-0: Foul Ball, location: 2F
1-1: Called Strike
1-2: Ball
2-2: Foul Ball, location: 2F
2-2: Strikes out swinging
Bottom of the 12th over - 0 run(s), 1 hit(s), 0 error(s), 3 left on base; Connetquot 3 - Walla Walla 3
TOP OF THE 13TH
Connetquot Chiefs batting - Pitching for Walla Walla Walleye : RHP Taro Ohayashi
Batting: LHB Keith Alexander 0-0: Called Strike
0-1: Called Strike
0-2: Ball
1-2: Ball
2-2: Ball
3-2: Fly out, F8 (Flyball, 89M)
Batting: RHB José Magana 0-0: Foul Ball, location: 2F
0-1: Called Strike
0-2: Ball
1-2: Ball
2-2: Foul Ball, location: 2F
2-2: Strikes out looking
Batting: LHB Eric Ward 0-0: Called Strike
0-1: SINGLE (Groundball, 3L)
Batting: RHB Francisco García 0-0: Called Strike
0-1: Ball
1-1: Ball
2-1: Foul Ball, location: 2F
2-2: Foul Ball, location: 2F
2-2: Strikes out looking
Top of the 13th over - 0 run(s), 1 hit(s), 0 error(s), 1 left on base; Connetquot 3 - Walla Walla 3
BOTTOM OF THE 13TH
Walla Walla Walleye batting - Pitching for Connetquot Chiefs : LHP Víctor Sánchez
Pitching: LHP Shawn Holliday
Batting: LHB Wilson Horton 0-0: Called Strike
0-1: Ball
1-1: Swinging Strike
1-2: Ball
2-2: Strikes out swinging
Batting: RHB Gilberto Contreras 0-0: Fly out, F2 (Popup, 2R)
Batting: RHB Sergio Cortéz 0-0: Ball
1-0: Ball
2-0: DOUBLE (Line Drive, 9LM)
Batting: LHB César Muñóz 0-0: SINGLE (Groundball, 4MD)
Sergio Cortéz to third
Runner from 3rd tries for Home, SAFE, no throw or cutoff
This league is powered by Out of the Park Baseball, the baseball management simulation game for PC, Mac and Linux
Friday, October 23rd, 2015 - OOTP Baseball 16.9 Build 39